 Seeded DCSS version 0.29.1-15-g9cfb28693d (webtiles) character file.

Game seed: 15822848163574757677 (custom seed)

65 kingofthe the Conjurer (level 3, -3/19 HPs)
             Began as a Deep Elf Conjurer on Mar 9, 2023.
             Killed from afar by Jessica (22 damage)
             ... with a bolt of dispelling energy
             ... on level 3 of the Dungeon.
             The game lasted 00:03:03 (1968 turns).

kingofthe the Conjurer (Deep Elf Conjurer)          Turns: 1968, Time: 00:03:04

Health: -3/19      AC:  3    Str:  4    XL:     3   Next: 92%
Magic:  10/10      EV: 13    Int: 22    God:
Gold:   103        SH:  0    Dex: 15    Spells: 6/10 levels left

rFire   . . .      SeeInvis .   (no weapon)
rCold   . . .      Faith    .   (no shield)
rNeg    . . .      Spirit   .   a - +0 robe
rPois   .          Reflect  .   (no helmet)
rElec   .          Harm     .   (no cloak)
rCorr   .          Rampage  .   h - +0 pair of gloves
Will    .....                   (no boots)
Stlth   ++........              (no amulet)
HPRegen 0.06/turn               (no ring)
MPRegen 0.12/turn               (no ring)

@: no status effects
A: no striking features
a: no special abilities


You were on level 3 of the Dungeon.
You visited 1 branch of the dungeon, and saw 3 of its levels.

You collected 103 gold pieces.


   Skills:
 - Level 3.5 Dodging
 - Level 3.0 Stealth
 * Level 4.0 Spellcasting
 * Level 4.9 Conjurations


You had 6 spell levels left.
You knew the following spells:

 Your Spells              Type           Power      Damage    Failure   Level
a - Magic Dart            Conj           100%       1d8       1%          1
b - Searing Ray           Conj           52%        2d6       2%          2
c - Foxfire               Conj/Fire      60%        2x1d7     4%          1

Your spell library contained the following spells:

 Spells                   Type           Power      Damage    Failure   Level
 Conjure Flame            Conj/Fire      15%        6-21      12%         3
 Dazzling Flash           Conj/Hex       30%        N/A       12%         3
 Inner Flame              Hex/Fire       4%         N/A       32%         3
 Flame Wave               Conj/Fire      15%        2d7       38%         4
 Fulminant Prism          Conj/Hex       7%         3d7       38%         4
 Iskenderun's Mystic Bla  Conj/Tloc      15%        2d5       38%         4

Inventory:

Armour
 a - a +0 robe (worn)
 h - a +0 pair of gloves (worn)
 i - the +1 ring mail "Vuekuas" {Will+ Str+3}
   (You found it on level 2 of the Dungeon)

   Str:       It affects your strength (+3).
   Will:      It increases your willpower.
Scrolls
 c - 2 scrolls of identify {unknown}
 e - 2 scrolls of vulnerability {unknown}
 g - a scroll of brand weapon {unknown}
 j - 2 scrolls of teleportation {unknown}
Potions
 b - a potion of magic
 d - a potion of experience {unknown}
 f - 3 potions of haste {unknown}

Dungeon Overview and Level Annotations

Branches:
Dungeon (3/15)

Altars:

Annotations:
D:3 Jessica

#...@ #!#.
#... ...
#.. #.# #
#.###.###.
#@........
##.##.##.#
#.# .##.#
#.# ..#.#
#.# #.#.#
#.# #.#.#
#.###.#<#
#.......#
#####.###


You could see Jessica.


Message History

Confirm with . or Enter, or press ? or * to list all spells.
You conjure some foxfire!
The foxfire hits the worm.
The worm is almost dead.
The foxfire hits the worm.
You kill the worm!
Training target 3.5 for Dodging reached!
Your Spellcasting skill increases to level 4!
Your foxfire dissipates!
Your foxfire dissipates! x2
Found 10 gold pieces.
There is a fountain of clear blue water here.
Found a spear.
There is a fountain of clear blue water here.
You now have 103 gold pieces (gained 10).
You see here a +0 spear.
Partly explored, can't reach some places.
Partly explored, can't reach some places.
Partly explored, can't reach some places.
You see here a +0 rapier.
You see here an adder skeleton.
There is a large open door here.
There is a stone staircase leading down here.
You climb downwards.
There is a stone staircase leading up here.
Found a metallic puce potion.
Jessica the Apprentice Sorceress comes into view.
She is wielding a +0 dagger and carrying a wand of quicksilver (3).
Jessica zaps a wand.
The bolt of dispelling energy hits you!!
Ouch! That really hurt!
You die...

Skill      XL: |  1  2  3 |
---------------+----------+-----
Dodging        | 3 |  3.5
Stealth        | 3 |  3.0
Spellcasting   | 4 |  4.0
Conjurations   | |  4.9

Action                   || total
-------------------------++-------
Melee: Unarmed           ||     6
 Cast: Magic Dart        ||    79
       Foxfire           ||     5
       Searing Ray       ||     1
Armor: Robe              ||     3
Dodge: Dodged            ||     8

Levels and vault maps discovered:
D:1:      heliophobic_arrival_enchanted_forest, layout_loops_ring,
          minmay_misc_feat_enclosed, minmay_tromino_v4_a
D:2:      kennysheep_big_flooded_room, layout_rooms, kennysheep_generic_room_13
D:3:      layout_loops_corners, zin_statuary, mainiacjoe_overflow_boulevard,
          mainiacjoe_overflow_six_doors_small, guppyfry_early_lair_pool,
          uniq_jessica

Notes
Turn   | Place    | Note
-------+----------+-------------------------------------------
     0 | D:1      | kingofthe the Deep Elf Conjurer began the quest for the
                  | Orb.
     0 | D:1      | Reached XP level 1. HP: 10/10 MP: 6/6
   406 | D:1      | Reached XP level 2. HP: 15/15 MP: 5/8
   439 | D:1      | Learned a level 2 spell: Searing Ray
   571 | D:1      | Reached skill level 3 in Dodging
   860 | D:1      | Reached XP level 3. HP: 16/19 MP: 0/10
  1461 | D:2      | Reached skill level 3 in Stealth
  1649 | D:2      | Identified the +1 ring mail "Vuekuas" {Will+ Str+3}
  1859 | D:2      | Learned a level 1 spell: Foxfire
  1866 | D:2      | Reached skill level 4 in Spellcasting
  1968 | D:3      | Noticed Jessica
  1968 | D:3      | Killed from afar by Jessica

Vanquished Creatures
  An adder (D:2)
  2 worms (D:2)
  2 dart slugs (D:1)
  5 endoplasms (D:1)
  A giant cockroach (D:1)
  6 goblins
  2 hobgoblins (D:1)
  3 quokkas
  7 ball pythons
  3 bats
  4 frilled lizards (D:1)
  6 kobolds
  2 rats
44 creatures vanquished.

Vanquished Creatures (others)
  10 foxfires (D:2)
10 creatures vanquished.

Grand Total: 54 creatures vanquished

Table legend: (Time is in decaauts)
 A = Elapsed time spent in this place.
 B = Non-inter-level travel time spent in this place.
 C = Inter-level travel time spent in this place.
 D = Time resting spent in this place.
 E = Time spent auto-exploring this place.
 F = Levels seen in this place.
 G = Mean time per level.
                   A        B        C        D        E       F      G
               +--------+--------+--------+--------+--------+-----+--------+
         Total |   1967 |   1892 |     75 |    167 |   1530 |   3 |  655.7 |
       Dungeon |   1967 |   1892 |     75 |    167 |   1530 |   3 |  655.7 |
               +--------+--------+--------+--------+--------+-----+--------+

Top non-repeatable levels by time:
     D:1: 1293 daAuts
     D:2: 658 daAuts
     D:3: 15 daAuts

Table legend:
 A = Non-vault XP
 B = Vault XP
 C = Vault XP percentage of total XP
 D = Non-vault monster count
 E = Vault monster count
 F = Vault count percentage of total count
                 A         B        C        D         E       F
            +---------+---------+-------+---------+---------+-------
      Total |      80 |      13 |  14.0 |      37 |       7 |  15.9
            +---------+---------+-------+---------+---------+-------
        D:1 |      46 |       6 |  11.5 |      27 |       4 |  12.9
        D:2 |      34 |       7 |  17.1 |      10 |       3 |  23.1
            +---------+---------+-------+---------+---------+-------
